 Dungeon Crawl Stone Soup version 0.20.0-8-g6b59dc7 (webtiles) character file.

91 McKennaii the Skirmisher (level 4, 19/37 HPs)
             Began as a Demonspawn Abyssal Knight on May 31, 2017.
             Was a Follower of Lugonu.
             Quit the game on level 3 of the Dungeon.
             The game lasted 00:03:29 (1517 turns).

McKennaii the Skirmisher (DsAK)                     Turns: 1517, Time: 00:03:30

Health: 19/37      AC:  9    Str: 12    XL:     4   Next: 34%
Magic:  6/6        EV: 15    Int: 14    God:    Lugonu [*.....]
Gold:   141        SH:  0    Dex: 13    Spells: 3/3 levels left

rFire    . . .     SeeInvis .   a - +1 falchion
rCold    + . .     Gourm    +   (no shield)
rNeg     . . .     Faith    .   e - +0 scale mail
rPois    .         Spirit   .   (no helmet)
rElec    .         Reflect  .   (no cloak)
rCorr    .         Harm     .   m - +0 pair of gloves
MR       .....                  (no boots)
Stlth    +.........             o - amulet of the gourmand
Regen    0.2/turn               d - +6 ring of evasion (curse)
MPRegen  0.1/turn               k - ring of protection from cold

@: no status effects
A: hooves 1, thin metallic scales 1, nightstalker 1
a: Depart the Abyss, Renounce Religion


You were on level 3 of the Dungeon.
You worshipped Lugonu.
Lugonu was aware of your devotion.
You were not hungry.

You visited 1 branch of the dungeon, and saw 3 of its levels.
You visited the Abyss 1 time.

You collected 141 gold pieces.

Inventory:

Hand Weapons
 a - a +1 falchion (weapon)
Armour
 e - a +0 scale mail (worn)
 m - a +0 pair of gloves (worn)
Jewellery
 d - a cursed +6 ring of evasion (left hand)
 k - a ring of protection from cold (right hand)
 o - an amulet of the gourmand (around neck)
Scrolls
 b - 6 scrolls of identify {unknown}
 f - a scroll of teleportation {unknown}
 g - 2 scrolls of magic mapping {unknown}
 h - 2 scrolls of remove curse {unknown}
 j - a scroll of enchant weapon {unknown}
 l - a scroll of blinking {unknown}
 n - 3 scrolls of enchant armour {unknown}
 s - a scroll of fear {unknown}
Potions
 q - a potion of mutation {unknown}
Comestibles
 c - a bread ration
 i - a royal jelly
 p - 3 meat rations


   Skills:
 + Level 3.9 Fighting
 + Level 2.5 Long Blades
 + Level 2.4 Armour
 + Level 1.3 Dodging
 + Level 2.9 Invocations


You had 3 spell levels left.
You didn't know any spells.

Dungeon Overview and Level Annotations

Branches:
Dungeon (3/15)

Altars:
Vehumet
The Shining One


Innate Abilities, Weirdness & Mutations

You have large cloven feet.
You are partially covered in thin metallic scales. (AC +2)
You are slightly more attuned to the shadows.


Message History

You hit the gnoll but do no damage.
The gnoll is heavily wounded.
The gnoll hits you with a spear.
You slash the gnoll!
You kill the gnoll!
Lugonu accepts your kill.
No target in view!
No target in view!
Quiver which item? (- for none, * to show all) (? for menu, Esc to quit)
You don't have any such object.
Quiver which item? (- for none, * to show all) (? for menu, Esc to quit)
You can't quiver worn items.
Put on which piece of jewellery? (? for menu, Esc to quit)
k - a ring of protection from cold (right hand) Put on which piece of jewellery? (? for menu, Esc to quit)
You feel a craving for the dungeon's cuisine.
o - an amulet of the gourmand (around neck) Are you sure you want to abandon this character and quit the game? (Confirm with "yes".)
Okay, then.
Are you sure you want to abandon this character and quit the game? (Confirm with "yes".)

#. ##.########
#..<......#
#.........#
#.........##
#.....).....
#...)@.)....
#...........
#...........
#.#'#########
g. #.# #.#
####+##.#
#....##.#
######....##.#


There were no monsters in sight!

Vanquished Creatures
  3 gnolls (D:3)
  2 adders (D:2)
  2 worms (D:2)
  A dart slug (D:1)
  3 leopard geckos (D:1)
  5 bats (D:1)
  A giant cockroach (D:2)
  4 hobgoblins
  2 kobolds (D:2)
  A quokka (D:2)
  A ball python (D:1)
  3 frilled lizards
  6 goblins
  3 rats
37 creatures vanquished.

Notes
Turn   | Place    | Note
-------+----------+-------------------------------------------
     0 | Abyss:1  | McKennaii the Demonspawn Abyssal Knight began the quest for the Orb.
     0 | Abyss:1  | Reached XP level 1. HP: 18/18 MP: 2/2
    36 | Abyss:1  | Noticed an eye of devastation
    36 | Abyss:1  | Noticed a small abomination
    37 | D:1      | Escaped the Abyss
   120 | D:1      | Reached * piety under Lugonu
   120 | D:1      | Reached skill level 1 in Dodging
   211 | D:1      | Gained mutation: You are slightly more attuned to the shadows. [demonic ancestry]
   211 | D:1      | Reached XP level 2. HP: 24/24 MP: 3/3
   823 | D:2      | Found a glowing golden altar of the Shining One.
   846 | D:2      | Gained mutation: You are partially covered in thin metallic scales. (AC +2) [demonic ancestry]
   846 | D:2      | Reached XP level 3. HP: 25/29 MP: 5/5
  1008 | D:2      | Found a radiant altar of Vehumet.
  1502 | D:3      | Gained mutation: You have large cloven feet. [demonic ancestry]
  1502 | D:3      | Reached XP level 4. HP: 31/37 MP: 6/6
  1517 | D:3      | Quit the game

Skill      XL: |  1 |
---------------+----+-----
Dodging        | 1 |  1.3
Long Blades    | 2 |  2.5
Armour         | 2 |  2.4
Fighting       | |  3.9
Invocations    | |  2.9

Action                   |  1- 3 |  4- 6 || total
-------------------------+-------+-------++-------
Melee: Falchion          |    94 |    10 ||   104
       Kick              |       |     2 ||     2
Invok: Depart the Abyss  |     1 |       ||     1
  Eat: Chunk             |     2 |       ||     2
Armor: Scale mail        |    32 |     4 ||    36
Dodge: Dodged            |    85 |    11 ||    96
       Rpst.: Falchion   |    23 |     3 ||    26
